 Dungeon Crawl Stone Soup version 0.29.0-4-gdea44cf6ec (webtiles) character file.

Game seed: 6265726430576960270

728 PieDemon the Tainter (level 8, 0/61 HPs)
             Began as a Meteoran Venom Mage on Aug 27, 2022.
             Slain by a water moccasin (4 damage)
             ... on level 5 of the Dungeon.
             The game lasted 00:16:36 (1280 turns).

PieDemon the Tainter (Meteoran Venom Mage)          Turns: 1280, Time: 00:16:36

Health: 0/61       AC:  3    Str:  9    XL:     8   Next: 23%
Magic:  25/25      EV: 13    Int: 20    God:
Gold:   74         SH:  0    Dex: 14    Spells: 7/17 levels left

rFire   . . .      SeeInvis .   m - +3 hand axe (elec)
rCold   . . .      Faith    .   (no shield)
rNeg    . . .      Spirit   .   a - +0 robe
rPois   .          Reflect  .   (no helmet)
rElec   .          Harm     .   (no cloak)
rCorr   .          Rampage  .   l - +0 pair of gloves
Will    ++...                   (no boots)
Stlth   +.........              (no amulet)
HPRegen 0.20/turn               e - ring of willpower
MPRegen 0.19/turn               s - ring of magical power

@: lethally poisoned (0 -> -28), glowing
A: sense surroundings 1, otherworldly, glowing, explore regen
a: no special abilities


You were on level 5 of the Dungeon.
You visited 1 branch of the dungeon, and saw 5 of its levels.

You collected 74 gold pieces.

Inventory:

Hand Weapons
 c - a +0 club
 d - a +0 whip
 h - a +0 short sword
 i - a +0 sling
 m - a +3 hand axe of electrocution (weapon)
 p - a +3 flail of draining
Missiles
 k - 5 silver javelins
 v - 2 boomerangs
Armour
 a - a +0 robe (worn)
 l - a +0 pair of gloves (worn)
Jewellery
 e - a ring of willpower (left hand)
 r - a ring of protection from cold
 s - a ring of magical power (right hand)
 t - an amulet of guardian spirit
Scrolls
 f - 3 scrolls of identify
 n - a scroll of immolation
 o - 2 scrolls of enchant weapon
 q - 2 scrolls of teleportation {unknown}
 u - a scroll of brand weapon {unknown}
 x - a scroll of summoning {unknown}
Potions
 b - a potion of magic
 j - 2 potions of mutation
 w - a potion of heal wounds


   Skills:
 - Level 2.0 Fighting
 - Level 3.0 Dodging
 - Level 1.4 Stealth
 + Level 5.1 Spellcasting
 - Level 2.0 Conjurations
 - Level 1.2 Transmutations
 - Level 2.0 Air Magic
 * Level 8.4 Poison Magic


You had 7 spell levels left.
You knew the following spells:

 Your Spells              Type           Power      Damage    Failure   Level
a - Sting                 Tmut/Pois      96%        1d7       1%          1
b - Poisonous Vapours     Pois/Air       52%        N/A       1%          2
c - Mephitic Cloud        Conj/Pois/Air  21%        N/A       6%          3
d - Olgreb's Toxic Radia  Pois           39%        N/A       3%          4

Your spell library contained the following spells:

 Spells                   Type           Power      Damage    Failure   Level


Dungeon Overview and Level Annotations

Branches:
Dungeon (5/15) Zot: 1706
 Temple: D:4-7

Altars:
Yredelemnul

Annotations:
D:4 exclusion: 2 downstairs


Innate Abilities, Weirdness & Mutations

You passively map a small area around you.
You are easily found by Zot.
You glow in the dark.
You regain HP and MP as you explore.


Message History

You barely miss the water moccasin.
The water moccasin is severely wounded.
* * * LOW HITPOINT WARNING * * *
You feel extremely sick.
The water moccasin completely misses you.
The water moccasin barely misses you.
Unknown command.
You closely miss the water moccasin.
The water moccasin is severely wounded.
* * * LOW HITPOINT WARNING * * *
You feel very sick. The water moccasin closely misses you.
The water moccasin bites you.
* * * LOW HITPOINT WARNING * * *
You are more poisoned.
The water moccasin poisons you!
It was a potion of heal wounds.
You feel much better.
You feel extremely sick. The water moccasin closely misses you.
Unknown command.
You hit the water moccasin.
The water moccasin is almost dead.
* * * LOW HITPOINT WARNING * * *
You feel extremely sick. The water moccasin bites you.
* * * LOW HITPOINT WARNING * * *
You are more poisoned.
The water moccasin poisons you! The water moccasin closely misses you.
You feel much better.
You feel very sick. The water moccasin bites you. x2
* * * LOW HITPOINT WARNING * * *
You are more poisoned.
The water moccasin poisons you!
Unknown command.
You miss the water moccasin.
The water moccasin is almost dead.
* * * LOW HITPOINT WARNING * * *
You feel extremely sick. The water moccasin bites you.
You die...

#.....'..#.... *
###.....####....
#....#####....#' # , .. , ,
#....#, +....#. #. ... #....#,,
#....#. #.. , #.. *, #....#,
#....#. #..### ##..###+#....#*
*#....#. .....,.......>#..).#
#....#. ... ......S@#....# ,
#....#.
,*#S###..##..#....#####....## ,
*#.<##..###'#..........#####
#.......#......#..........#...#
#.......#......'..........#...#
#..##..##......#..........#...'
#., #..##..###+#..........##'##
# ...#...#.......#####.......
...#...#.......+ #.......


You could see a water moccasin.

Vanquished Creatures
  Menkaure (D:5)
  Edmund (D:4)
  An ogre (D:5)
  A necrophage (D:5)
  2 scorpions (D:5)
  3 orc priests (D:5)
  An iguana (D:5)
  2 orc wizards (D:5)
  4 gnolls (D:2)
  8 orcs
  4 ball pythons
  An endoplasm (D:4)
  A giant cockroach (D:1)
  6 goblins
  3 hobgoblins
  2 jackals (D:1)
  2 quokkas
  A bat (D:3)
  2 kobolds (D:1)
  A rat (D:1)
47 creatures vanquished.

Notes
Turn   | Place    | Note
-------+----------+-------------------------------------------
     0 | D:1      | PieDemon the Meteoran Venom Mage began the quest for the
                  | Orb.
     0 | D:1      | Reached XP level 1. HP: 14/14 MP: 5/5
    57 | D:1      | Reached XP level 2. HP: 6/22 MP: 1/6
   124 | D:1      | Found a faded altar of an unknown god.
   136 | D:1      | Reached skill level 4 in Poison Magic
   246 | D:2      | Learned a level 2 spell: Poisonous Vapours
   312 | D:2      | Found a basalt altar of Yredelemnul.
   330 | D:1      | Reached XP level 3. HP: 27/27 MP: 6/8
   422 | D:3      | Reached skill level 1 in Fighting
   470 | D:4      | Learned a level 3 spell: Mephitic Cloud
   506 | D:5      | Entered Level 5 of the Dungeon
   579 | D:4      | Noticed Edmund
   593 | D:4      | Killed Edmund
   594 | D:4      | Reached skill level 5 in Poison Magic
   594 | D:4      | Reached XP level 4. HP: 36/36 MP: 1/10
   594 | D:4      | Reached XP level 5. HP: 41/41 MP: 1/11
   608 | D:4      | Learned a level 4 spell: Olgreb's Toxic Radiance
   691 | D:2      | Reached XP level 6. HP: 48/48 MP: 13/13
   692 | D:2      | Reached skill level 6 in Poison Magic
   765 | D:5      | Noticed an ogre
   774 | D:5      | Killed an ogre
   805 | D:5      | Reached skill level 7 in Poison Magic
   808 | D:5      | Reached skill level 1 in Conjurations
   808 | D:5      | Reached XP level 7. HP: 55/55 MP: 10/14
   874 | D:5      | Noticed Menkaure
   944 | D:5      | Noticed a water moccasin
  1046 | D:5      | Reached skill level 1 in Air Magic
  1055 | D:5      | Killed Menkaure
  1088 | D:5      | Reached skill level 8 in Poison Magic
  1088 | D:5      | Reached XP level 8. HP: 35/61 MP: 16/16
  1127 | D:5      | Reached skill level 5 in Spellcasting
  1280 | D:5      | Slain by a water moccasin

Illustrated notes

Levels and vault maps discovered:
D:1:      giann_wishing_wells, layout_loops_corners,
          ebering_ecumenical_altar_petrified, corexii_leaking_fountain,
          minmay_tetromino_i4
D:2:      layout_basic, basic_altar
D:3:      layout_rooms, minivault_27, uniq_jessica
D:4:      cheibrodos_old_hovel, layout_gridville, uniq_blork_the_orc,
          uniq_edmund
D:5:      layout_gridville, serial_bayou_pond_a, uniq_menkaure

Skill      XL: |  1  2  3  4  5  6  7  8 |
---------------+-------------------------+-----
Poison Magic   | 4 5 7 8 |  8.4
Spellcasting   | 3 4 5 |  5.1
Fighting       | 2 |  2.0
Dodging        | 3 |  3.0
Conjurations   | 1 2 |  2.0
Air Magic      | 2 |  2.0
Stealth        | |  1.4
Transmutations | |  1.2

Action                   |  1- 3 |  4- 6 |  7- 9 || total
-------------------------+-------+-------+-------++-------
Melee: Unarmed           |     8 |       |       ||     8
       Whip              |     6 |       |       ||     6
       Club              |     2 |       |       ||     2
       Hand axe          |     8 |     2 |    25 ||    35
       Punch             |       |       |     2 ||     2
Throw: Javelin           |     5 |       |       ||     5
 Cast: Sting             |    29 |     9 |     8 ||    46
       Poisonous Vapours |     5 |       |       ||     5
       Mephitic Cloud    |     1 |     1 |       ||     2
       Olgreb's Toxic Ra |       |     6 |     3 ||     9
  Use: Scroll            |       |     1 |     3 ||     4
       Potion            |       |       |     2 ||     2
Armor: Robe              |     3 |       |     1 ||     4
Dodge: Dodged            |    13 |       |    18 ||    31
